 Dungeon Crawl Stone Soup version 0.30-a0-1018-g25214051b3 (webtiles) character file.

Game seed: 10253416811129284932

122269 Newt the Swashbuckler (level 16, -1/107 (124) HPs)
             Began as a Demonspawn Gladiator on Apr 7, 2023.
             Was the Champion of Hepliaklqana.
             Slain by a bunyip (16 damage)
             ... on level 4 of the Swamp.
             The game lasted 00:33:19 (22556 turns).

Newt the Swashbuckler (Demonspawn Gladiator)       Turns: 22556, Time: 00:33:20

HP:   -1/107 (124)  AC: 16    Str: 15    XL:     16   Next: 34%
MP:   7/7           EV: 20    Int: 14    God:    Hepliaklqana [******]
Gold: 547           SH:  0    Dex: 23    Spells: 15/15 levels left

rFire   . . .      SeeInvis .    b - +3 short sword of the Thirsty Friars {antimagic, rF+ Will+ Str-4 Stlth+}
rCold   . . .      Faith    .    (no shield)
rNeg    + . .      Spirit   .    U - +4 troll leather armour
rPois   +          Reflect  .    c - +0 helmet
rElec   .          Rampage  .    (cloak unavailable)
rCorr   +                        l - +0 pair of gloves
Will    +++..                    O - +0 pair of boots {Fly}
Stlth   +++                      g - amulet "Jyich" {+Inv rC- Regen+ Int+2 Dex+5}
HPRegen 0.00/turn                t - ring of Uciqeho {Ice rPois rCorr Int+2}
MPRegen 0.10/turn                R - ring of positive energy

@: lethally poisoned (-1 -> -3), flying, inhibited regen, heavily drained
A: reduced essence, rugged brown scales 1, demonic guardian 3, powered by death
2, robust 1, weakness stinger 3, strong-willed 1, inhibited regeneration,
MP-powered wands
a: Renounce Religion, Evoke Invisibility, Recall Ancestor, Ancestor Identity,
Transference, Idealise


You were on level 4 of the Swamp.
You worshipped Hepliaklqana.
Hepliaklqana was exalted by your worship.
You visited 4 branches of the dungeon, and saw 24 of its levels.
You also visited: Sewer.

You collected 2716 gold pieces.
You spent 2169 gold pieces at shops.

Inventory:

Hand Weapons
 a - the +4 short sword of Causality {elec, Contam Drain rPois rF+++}
   (You found it on level 5 of the Dungeon)

   rF:        It renders you almost immune to fire.
   rPois:     It protects you from poison.
   Contam:    It causes magical contamination when unequipped.
   Drain:     It drains your maximum health when unequipped.
 b - the +3 short sword of the Thirsty Friars (weapon) {antimagic, rF+ Will+ Str-4 Stlth+}
   (You bought it in a shop on level 2 of the Orcish Mines)

   Str:       It affects your strength (-4).
   rF:        It protects you from fire.
   Will:      It increases your willpower.
   Stlth:     It makes you more stealthy.
Missiles
 d - 4 throwing nets (quivered)
 f - 2 silver boomerangs
 h - 30 poisoned darts
 m - 5 atropa-tipped darts
 q - 6 javelins
 M - 23 boomerangs
Armour
 c - a +0 helmet (worn)
 l - a +0 pair of gloves (worn)
 u - +0 swamp dragon scales
 O - a +0 pair of boots of flying (worn)
 U - a +4 troll leather armour (worn)
Jewellery
 g - the amulet "Jyich" (around neck) {+Inv rC- Regen+ Int+2 Dex+5}
   (You acquired it on level 4 of the Lair of Beasts)

   [amulet of regeneration]

   Int:       It affects your intelligence (+2).
   Dex:       It affects your dexterity (+5).
   rC:        It makes you vulnerable to cold.
   +Inv:      It lets you turn invisible.
   Regen:     It increases your rate of health regeneration.
 t - the ring of Uciqeho (left hand) {Ice rPois rCorr Int+2}
   (You found it on level 2 of the Dungeon)

   [ring of ice]

   It enhances your ice magic.
   Int:       It affects your intelligence (+2).
   rF:        It makes you vulnerable to fire.
   rC:        It protects you from cold.
   rPois:     It protects you from poison.
   rCorr:     It protects you from acid and corrosion.
 v - a ring of willpower
 R - a ring of positive energy (right hand)
 T - a ring of resist corrosion
 X - a ring of protection from cold
 Y - a ring of see invisible
Wands
 y - a wand of flame (32)
 G - a wand of paralysis (11)
 H - a wand of light (4)
 L - a wand of polymorph (22)
 V - a wand of mindburst (5)
Scrolls
 j - 7 scrolls of blinking
 o - 10 scrolls of poison
 s - 6 scrolls of fear
 w - 6 scrolls of identify
 B - 3 scrolls of fog
 C - 3 scrolls of magic mapping
 D - 14 scrolls of teleportation
 F - 2 scrolls of enchant weapon
 I - 2 scrolls of torment
 W - 3 scrolls of amnesia
Potions
 e - 2 potions of might
 i - 2 potions of haste
 n - 5 potions of attraction
 p - a potion of magic
 r - 3 potions of lignification
 z - 2 potions of heal wounds
 A - a potion of ambrosia
 E - 2 potions of mutation
 J - 2 potions of invisibility
 K - 6 potions of curing
 Q - 3 potions of brilliance
 S - a potion of flight
 Z - a potion of berserk rage
Miscellaneous
 x - a lightning rod (4/4)
 N - a tin of tremorstones (2/2)


   Skills:
 - Level 9.6 Fighting
 + Level 19.2 Short Blades
 - Level 5.0 Ranged Weapons
 - Level 1.7 Throwing
 - Level 15.0 Armour
 - Level 10.0 Dodging
 - Level 9.0 Invocations
 - Level 6.0 Evocations


You had 15 spell levels left.
You didn't know any spells.
Your spell library contained the following spells:

 Spells                   Type           Power      Damage    Failure   Level
 Freeze                   Ice            0%         1d3       32%         1
 Kiss of Death            Conj/Necr      0%         2d5       32%         1
 Magic Dart               Conj           0%         1d3       32%         1
 Cigotuvi's Dreadful Rot  Necr/Pois/Air  0%         N/A       45%         2
 Ensorcelled Hibernation  Hex/Ice        0%         N/A       45%         2
 Passwall                 Tmut/Erth      0%         N/A       45%         2
 Searing Ray              Conj           0%         2d4       45%         2
 Confusing Touch          Hex            0%         N/A       69%         3
 Frozen Ramparts          Ice            0%         1d1       69%         3
 Hailstorm                Conj/Ice       0%         3d3       69%         3
 Ignite Poison            Fire/Tmut/Pois 0%         N/A       69%         3
 Swiftness                Air            0%         N/A       69%         3
 Anguish                  Hex/Necr       0%         N/A       97%         4
 Cause Fear               Hex            0%         N/A       97%         4
 Dispel Undead            Necr           0%         3d6       97%         4
 Fulminant Prism          Conj/Hex       0%         3d5       97%         4
 Ice Form                 Ice/Tmut       0%         N/A       97%         4
 Leda's Liquefaction      Hex/Erth       0%         N/A       97%         4
 Olgreb's Toxic Radiance  Pois           0%         N/A       97%         4
 Summon Ice Beast         Ice/Summ       0%         N/A       97%         4
 Freezing Cloud           Conj/Ice/Air   0%         6-21      100%        5
 Iskenderun's Battlesphe  Conj           0%         2d6       100%        5
 Lee's Rapid Deconstruct  Erth           0%         3d4*      100%        5
 Summon Forest            Summ/Tloc      0%         N/A       100%        5
 Iron Shot                Conj/Erth      0%         9d1       100%        6
 Statue Form              Tmut/Erth      0%         N/A       100%        6
 Enfeeble                 Hex            0%         N/A       100%        7
 Malign Gateway           Summ/Tloc      0%         N/A       100%        7
 Spellforged Servitor     Conj/Summ      0%         N/A       100%        7
 Discord                  Hex            0%         N/A       100%        8
 Ignition                 Fire           0%         3d3       100%        8


Dungeon Overview and Level Annotations

Branches:
Dungeon (13/15)            Temple (0/1) D:6            Lair (5/5) D:11
  Swamp (4/4) Lair:2        Snake (0/4) Lair:2        Slime (0/5) Lair:5
    Orc (2/2) D:11            Elf (0/3) Orc:2        Vaults (0/5) D:13
  Sewer (visited)

Altars:
Ashenzari
Cheibriados
Dithmenos
Hepliaklqana
Kikubaaqudgha
Okawaru
Ru
Sif Muna
Uskayaw
Yredelemnul
Jiyva
Lugonu

Shops:
D:5 ?   Orc:1 :   Orc:2 *=(!

Portals:
Abyss: Lair:5

Annotations:
Lair:2 3 runed translucent doors, BubbleThief's ghost, journeyman DsNe; Rendar's ghost, journeyman DsFi; greynaab's ghost, adept KoMo; pkoi's ghost, adept MiGl
Lair:5 1 runed translucent door


Innate Abilities, Weirdness & Mutations

Your life essence is reduced to manifest your ancestor. (-10% HP)
You are partially covered in rugged brown scales. (AC +1, +3% HP)
A powerful demonic guardian rushes to your aid.
You regenerate health from kills.
You are robust. (+10% HP)
You have a sharp stinger which inflicts weakening toxins.
You are strong-willed. (Will+)
You do not regenerate when monsters are visible.
You expend magic power (3 MP) to strengthen your wands.


Message History

The fenstrider witch is almost dead.
You feel sick.
The fenstrider witch falters for a moment.
The bunyip barely misses you.
The bunyip claws you but does no damage.
The bunyip claws you!
* * * LOW HITPOINT WARNING * * *
You hit the fenstrider witch.
The fenstrider witch's magic leaks into the air.
You tail-slap the fenstrider witch, but do no damage.
The fenstrider witch is almost dead.
The fenstrider witch barely misses you. The fenstrider witch kicks you.
* * * LOW HITPOINT WARNING * * *
Unknown command.
You feel much better.
You feel sick.
The fenstrider witch falters for a moment.
The alligator puts on a burst of speed!
Unknown command.
You hit the fenstrider witch.
The fenstrider witch's magic leaks into the air.
Your tail-slap misses the fenstrider witch.
The fenstrider witch is almost dead.
You feel sick. The fenstrider witch misses you.
The fenstrider witch completely misses you.
Unknown command.
You hit the fenstrider witch but do no damage.
The fenstrider witch is almost dead.
The alligator bites you.
* * * LOW HITPOINT WARNING * * *
The alligator tail-slaps you!
* * * LOW HITPOINT WARNING * * *
A demonic guardian appears!
You closely miss the fenstrider witch.
You tail-slap the fenstrider witch, but do no damage.
The fenstrider witch is almost dead.
You feel sick.
The fenstrider witch completely misses you.
The fenstrider witch kicks you but does no damage.
The bunyip claws you!
You die...

♣♣.. ~♣♣♣♣.~♣~~~.
♣♣♣ ..........~♣ ♣
.~~~~...~~.♣♣♣
~~~~~..~~~~..♣ ♣
~~~~~...~~~~.♣ ♣~~
♣ ~~~~~~..~~~~~♣
~~~. ♣
~~~~~~.xt~..~♣♣♣...
~.
~~~~..H@~2))†♣~~~♣
.♣.
~~~~~~♣..~♣.~~~.♣ ♣
♣♣ ~~§~.
♣♣♣♣♣.~~~.♣ ~~~§
♣(~~~.♣ ... ♣~.~~♣♣
♣♣♣♣♣ ♣♣ ♣♣...~♣
♣.~.♣ ♣♣.~♣♣ ♣~~§.
♣♣~~♣♣♣♣~~~.
♣♣...♣~~§..


You could see a bunyip, an alligator (swift, ally target), a fenstrider witch
(weak, magic disrupted) and a friendly reaper (summoned).

Vanquished Creatures
  Aizul (Swamp:3)
  2 eleionomae
  5 bunyips
  A yaktaur captain (D:13)
  5 hydras
  A spriggan air mage (Swamp:2)
  2 ogre magi (Orc:2)
  2 ghost crabs
  3 alligators
  3 death yaks
  11 two-headed ogres (Orc:2)
  An orc high priest (Orc:2)
  A goliath frog (Swamp:1)
  A death drake (Swamp:1)
  2 skeletal warriors (D:11)
  2 spriggan druids
  3 swamp dragons
  2 deep elf pyromancers (D:13)
  A bog body (Swamp:1)
  5 ugly things
  3 manticores
  A manticore (shapeshifter) (Lair:5)
  4 elephants
  3 cyclopes
  Maurice (D:11)
  3 black mambas
  Joseph (D:8)
  A gargoyle (D:12)
  6 cane toads
  2 large abominations (Lair:5)
  3 torpor snails
  A cane toad (shapeshifter) (Lair:5)
  An unseen horror (D:13)
  4 komodo dragons
  2 yaktaurs (D:13)
  3 rime drakes
  An ice devil (D:11)
  2 efreet (D:13)
  A komodo dragon (shapeshifter) (Lair:5)
  2 trolls
  6 hornets
  A polar bear (Lair:4)
  Grinder (D:6)
  2 tyrant leeches
  11 blink frogs
  9 dream sheep (Lair:5)
  2 wraiths
  4 slime creatures
  2 wyverns
  34 yaks
  A vampire (D:13)
  5 spriggans
  A ynoxinul (Lair:5)
  3 basilisks
  3 chaos spawn (Lair:5)
  2 steam dragons
  7 vampire mosquitoes
  An acid dragon (D:13)
  6 wargs (Orc:1)
  2 nagas (Lair:2)
  10 swamp worms
  11 water moccasins
  A swamp drake (Swamp:1)
  A sky beast (D:7)
  12 orc warriors
  13 wolves
  22 ogres
  7 centaurs
  2 kobold brigands
  A phantom (D:5)
  7 bullfrogs
  A gnoll sergeant (D:8)
  A scorpion (D:5)
  5 small abominations (Lair:5)
  3 wights (D:8)
  3 killer bees (D:9)
  2 vampire bats (D:5)
  2 centaur zombies (D:9)
  3 jellies
  A gnoll bouda (D:8)
  8 orc priests
  4 hounds
  Ijyb (D:4)
  4 iguanas
  3 sleepcaps
  8 orc wizards
  Robin (D:2)
  9 gnolls
  8 adders
  A shadow imp (D:6)
  A white imp (D:7)
  An ufetubus (D:5)
  2 dart slugs
  24 orcs
  11 ball pythons
  3 bat skeletons (D:5)
  A bat zombie (D:5)
  12 endoplasms
  14 giant cockroaches
  8 goblins
  8 hobgoblins
  3 jackals (D:1)
  8 quokkas
  6 bats
  8 frilled lizards
  11 kobolds
  3 rats
481 creatures vanquished.

Vanquished Creatures (collateral kills)
  A tentacled monstrosity (Swamp:4)
  A thorn hunter (Swamp:2)
  An eleionoma (Swamp:1)
  A bunyip (Swamp:4)
  The ghost of SirDiesAlot the Nimble, a journeyman MfVM of Gozag (Orc:1)
  A shambling mangrove (Swamp:2)
  Harold (D:9)
  A hydra (Swamp:2)
  3 ogre magi
  2 boulder beetles
  A catoblepas (Lair:5)
  5 two-headed ogres
  3 death yaks (Lair:5)
  2 centaur warriors (D:13)
  5 alligators
  A tengu warrior (D:13)
  2 thrashing horrors (Lair:5)
  A skyshark (Lair:4)
  2 skeletal warriors (D:11)
  A spriggan druid (Swamp:4)
  3 goliath frogs
  An obsidian statue (D:11)
  A bog body (Swamp:2)
  2 swamp dragons
  2 will-o-the-wisps (Swamp:3)
  2 moths of wrath (Orc:1)
  A black mamba (Lair:4)
  A cyclops (D:13)
  10 elephants
  2 gargoyles
  3 cane toads
  3 rime drakes
  Maggie (D:6)
  A kobold demonologist (D:9)
  An ice devil (D:11)
  4 komodo dragons
  An ancient zyme (Lair:5)
  3 trolls
  4 hornets
  3 polar bears
  3 tyrant leeches
  3 blink frogs
  5 dream sheep (Lair:5)
  7 spriggans
  A vampire (D:13)
  3 wyverns
  16 yaks
  A chaos spawn (Lair:5)
  A small abomination (Lair:5)
  5 basilisks
  3 steam dragons
  7 vampire mosquitoes
  A naga (Lair:2)
  4 swamp worms
  A warg (Orc:1)
  8 water moccasins
  4 acid dragons
  2 swamp drakes (Swamp:1)
  7 orc warriors
  3 black bears
  5 ogres (Orc:2)
  A centaur (D:8)
  7 wolves
  2 bullfrogs
  A scorpion (D:11)
  A wight (D:8)
  A killer bee (D:9)
  3 jellies
  An orc priest (Orc:2)
  Jessica (D:3)
  An iguana (D:12)
  A sleepcap (D:7)
  15 orc wizards
  6 gnolls
  2 adders
  21 orcs
  A bat skeleton (D:5)
  3 endoplasms
  5 giant cockroaches
  3 goblins
  2 kobolds (D:8)
  7 quokkas
  2 ball pythons (Sewer)
262 creatures vanquished.

Vanquished Creatures (others)
  2 bloated husks
  A vampire mosquito (Swamp:1)
  A swamp worm (Swamp:4)
  17 battlemagi
  An orc wizard (Orc:2)
  2 briar patches (Swamp:2)
  3 foxfires (Swamp:3)
  15 fungi
  27 plants
69 creatures vanquished.

Grand Total: 812 creatures vanquished

Notes
Turn   | Place    | Note
-------+----------+-------------------------------------------
     0 | D:1      | Newt the Demonspawn Gladiator began the quest for the Orb.
     0 | D:1      | Reached XP level 1. HP: 16/16 MP: 1/1
   290 | D:1      | Gained mutation: A weak demonic guardian rushes to your
                  | aid. [demonic ancestry]
   290 | D:1      | Reached XP level 2. HP: 23/23 MP: 2/2
  1144 | D:1      | Reached XP level 3. HP: 28/29 MP: 3/3
  1148 | D:1      | Found a faded altar of an unknown god.
  1351 | D:2      | Noticed Robin
  1406 | D:2      | Killed Robin
  1699 | D:2      | Identified the ring of Uciqeho {Ice rPois rCorr Int+2}
  1749 | D:2      | Reached XP level 4. HP: 38/38 MP: 4/4
  2358 | D:3      | Reached skill level 5 in Fighting
  2453 | D:3      | Noticed Jessica
  2460 | D:3      | Killed Jessica
  2461 | D:3      | Reached skill level 3 in Short Blades
  2461 | D:3      | Gained mutation: You have a small tail. [demonic ancestry]
  2461 | D:3      | Reached XP level 5. HP: 29/44 MP: 5/5
  2560 | D:3      | Found a broken altar of Ashenzari.
  2721 | D:4      | Reached skill level 1 in Ranged Weapons
  2733 | D:4      | Noticed a black bear
  2740 | D:4      | Killed a black bear
  2741 | D:4      | Reached XP level 6. HP: 33/51 MP: 6/6
  3010 | D:4      | Found a shadowy altar of Dithmenos.
  3010 | D:4      | Found an iron altar of Okawaru.
  3264 | D:4      | Noticed Ijyb
  3271 | D:4      | Killed Ijyb
  3448 | D:4      | Found a hazy altar of Hepliaklqana.
  3663 | D:4      | Became a worshipper of Hepliaklqana the Forgotten
  3699 | D:5      | Entered Level 5 of the Dungeon
  3715 | D:5      | Reached skill level 5 in Ranged Weapons
  3715 | D:5      | Gained mutation: A demonic guardian rushes to your aid.
                  | [demonic ancestry]
  3715 | D:5      | Reached XP level 7. HP: 50/56 MP: 7/7
  3727 | D:5      | Identified the +4 short sword of Causality {elec, Contam
                  | Drain rPois rF+++}
  3868 | D:5      | Reached skill level 4 in Short Blades
  3965 | D:5      | Found Woiteh's Magic Scroll Emporium.
  4003 | D:5      | Reached skill level 5 in Short Blades
  4007 | D:5      | Bought a scroll of identify for 22 gold pieces
  4007 | D:5      | Bought a scroll of identify for 22 gold pieces
  4254 | D:5      | Reached * piety under Hepliaklqana
  4394 | D:5      | Gained mutation: A powerful demonic guardian rushes to your
                  | aid. [demonic ancestry]
  4394 | D:5      | Reached XP level 8. HP: 51/55 MP: 8/8
  4438 | D:5      | Found an ancient bone altar of Kikubaaqudgha.
  4449 | D:5      | Reached skill level 6 in Short Blades
  4537 | D:6      | Found a staircase to the Ecumenical Temple.
  4538 | D:6      | Noticed Maggie
  4551 | D:6      | Killed Maggie
  4552 | D:6      | Reached skill level 7 in Short Blades
  4566 | D:6      | Found a glowing drain.
  4589 | Sewer    | Entered a sewer
  4854 | Sewer    | Reached skill level 8 in Short Blades
  5015 | Sewer    | Got Kesaplebb's Octavo of Frostbitten Summoning
  5085 | D:6      | Reached ** piety under Hepliaklqana
  5086 | D:6      | Remembered your ancestor Kaya as a battlemage
  5339 | D:6      | Found a sacrificial altar of Ru.
  5528 | D:6      | Noticed Grinder
  5538 | D:6      | Killed Grinder
  5539 | D:6      | Gained mutation: You have a tail ending in a sharp stinger.
                  | [demonic ancestry]
  5539 | D:6      | Reached XP level 9. HP: 61/63 MP: 9/9
  5573 | D:7      | Gained mutation: You regenerate a little health from kills.
                  | [demonic ancestry]
  5573 | D:7      | Reached XP level 10. HP: 75/75 MP: 10/10
  6008 | D:7      | Found a hide-covered altar of Uskayaw.
  6319 | D:8      | Noticed a two-headed ogre
  6329 | D:8      | Killed a two-headed ogre
  6382 | D:8      | Reached *** piety under Hepliaklqana
  6498 | D:8      | Noticed Joseph
  6515 | D:8      | Killed Joseph
  6660 | D:8      | Found a snail-covered altar of Cheibriados.
  6711 | D:8      | Found a shimmering blue altar of Sif Muna.
  7206 | D:9      | Gained mutation: You are partially covered in rugged brown
                  | scales. (AC +1, +3% HP) [demonic ancestry]
  7206 | D:9      | Reached XP level 11. HP: 75/83 MP: 11/11
  7498 | D:9      | Reached **** piety under Hepliaklqana
  7736 | D:9      | Noticed Harold
  7742 | D:9      | Found a basalt altar of Yredelemnul.
  7744 | D:9      | Killed Harold
  7745 | D:9      | Reached skill level 10 in Armour
  7815 | D:10     | Entered Level 10 of the Dungeon
  8278 | D:10     | Reached skill level 1 in Evocations
  8798 | D:11     | Found a staircase to the Lair.
  8831 | D:11     | Reached skill level 5 in Evocations
  8916 | D:11     | Found a staircase to the Orcish Mines.
  8968 | D:11     | Noticed an obsidian statue
  8989 | D:11     | Killed an obsidian statue
  9080 | D:11     | Noticed a skeletal warrior
  9081 | D:11     | Noticed a skeletal warrior
  9084 | D:11     | Noticed a skeletal warrior
  9089 | D:11     | Noticed a skeletal warrior
  9103 | D:11     | Killed a skeletal warrior
  9108 | D:11     | Killed a skeletal warrior
  9109 | D:11     | Reached skill level 9 in Short Blades
  9131 | D:11     | Killed a skeletal warrior
  9154 | D:11     | Killed a skeletal warrior
  9155 | D:11     | Reached XP level 12. HP: 16/90 MP: 12/12
  9457 | D:11     | Noticed Maurice
  9469 | D:11     | Killed Maurice
  9491 | D:11     | Found a frozen archway.
  9498 | D:11     | Reached skill level 10 in Short Blades
 10278 | D:12     | Reached skill level 11 in Short Blades
 11003 | D:13     | Noticed a centaur warrior
 11007 | D:13     | Killed a centaur warrior
 11008 | D:13     | Reached skill level 12 in Short Blades
 11200 | D:13     | Noticed a tengu warrior
 11265 | D:13     | Noticed an ogre mage
 11339 | D:13     | Reached skill level 5 in Invocations
 11354 | D:13     | Killed a tengu warrior
 11376 | D:13     | Paralysed by something for 5 turns
 11377 | D:13     | Killed an ogre mage
 11585 | D:13     | Found a gate to the Vaults.
 11622 | D:13     | Gained mutation: You regenerate health from kills. [demonic
                  | ancestry]
 11622 | D:13     | Reached XP level 13. HP: 71/94 MP: 19/19
 12018 | Lair:1   | Entered Level 1 of the Lair of Beasts
 12796 | Lair:2   | Found a staircase to the Snake Pit.
 12885 | Lair:2   | Reached ***** piety under Hepliaklqana
 12954 | Lair:2   | Reached skill level 10 in Dodging
 13150 | Lair:2   | Found a runed translucent gate.
 13151 | Lair:2   | Found a runed translucent gate.
 13153 | Lair:2   | Found a runed translucent gate.
 13153 | Lair:2   | Noticed pkoi's ghost (adept MiGl)
 13154 | Lair:2   | Noticed BubbleThief's ghost (journeyman DsNe)
 13154 | Lair:2   | Noticed greynaab's ghost (adept KoMo)
 13154 | Lair:2   | Noticed Rendar's ghost (journeyman DsFi)
 13233 | Lair:2   | Found a staircase to the Swamp.
 14112 | Lair:3   | Gained mutation: You expend magic power (3 MP) to
                  | strengthen your wands. [potion of mutation]
 14113 | Lair:3   | Lost mutation: You expend magic power (3 MP) to strengthen
                  | your wands. [potion of mutation]
 14113 | Lair:3   | Gained mutation: You are clumsy. (Dex -2) [potion of
                  | mutation]
 14113 | Lair:3   | Gained mutation: Your system is resistant to poisons.
                  | (rPois) [potion of mutation]
 14113 | Lair:3   | Gained mutation: You are somewhat resistant to further
                  | mutation. [potion of mutation]
 14114 | Lair:3   | Lost mutation: Your system is resistant to poisons. (rPois)
                  | [potion of mutation]
 14114 | Lair:3   | Lost mutation: You are somewhat resistant to further
                  | mutation. [potion of mutation]
 14114 | Lair:3   | Gained mutation: Your system is resistant to poisons.
                  | (rPois) [potion of mutation]
 14115 | Lair:3   | Lost mutation: You are clumsy. (Dex -2) [potion of
                  | mutation]
 14115 | Lair:3   | Lost mutation: Your system is resistant to poisons. (rPois)
                  | [potion of mutation]
 14115 | Lair:3   | Gained mutation: You expend magic power (3 MP) to
                  | strengthen your wands. [potion of mutation]
 14115 | Lair:3   | Gained mutation: You are strong-willed. (Will+) [potion of
                  | mutation]
 14485 | Lair:4   | Reached skill level 13 in Short Blades
 14792 | Lair:4   | Gained mutation: You have a sharp stinger which inflicts
                  | weakening toxins. [demonic ancestry]
 14792 | Lair:4   | Reached XP level 14. HP: 101/101 MP: 20/20
 14871 | Lair:4   | Reached skill level 14 in Short Blades
 14932 | Lair:4   | Found a snail-covered altar of Cheibriados.
 15510 | Lair:5   | Entered Level 5 of the Lair of Beasts
 15632 | Lair:5   | Identified a scroll of acquirement
 15714 | Lair:4   | Reached skill level 15 in Short Blades
 15943 | Lair:4   | Acquired the amulet "Jyich" {+Inv rC- Regen+ Int+2 Dex+5}
 16064 | Lair:5   | Reached ****** piety under Hepliaklqana
 16509 | Lair:5   | Found a runed translucent door.
 16510 | Lair:5   | Found a viscous altar of Jiyva.
 16510 | Lair:5   | Found a staircase to the Slime Pits.
 16510 | Lair:5   | Noticed an azure jelly
 16510 | Lair:5   | Noticed an azure jelly
 17159 | Lair:5   | Found a corrupted altar of Lugonu.
 17159 | Lair:5   | Found a one-way gate to the infinite horrors of the Abyss.
 17452 | Orc:1    | Entered Level 1 of the Orcish Mines
 17455 | Orc:1    | Found Siumot's Self-Improvement Boutique.
 17591 | Orc:1    | Found a transporter.
 17605 | Orc:1    | Noticed SirDiesAlot's ghost (journeyman MfVM)
 17718 | Orc:1    | Gained mutation: You are robust. (+10% HP) [demonic
                  | ancestry]
 17718 | Orc:1    | Reached XP level 15. HP: 101/118 MP: 21/21
 17857 | Orc:1    | Found a transporter.
 18177 | Orc:1    | Killed SirDiesAlot's ghost
 18271 | Orc:2    | Entered Level 2 of the Orcish Mines
 19022 | Orc:2    | Found a staircase to the Elven Halls.
 19078 | Orc:2    | Found Uhuoc's Distillery.
 19078 | Orc:2    | Found Gomm's Jewellery Shop.
 19078 | Orc:2    | Found Yjumpi's Weapon Shop.
 19078 | Orc:2    | Found Uxtuiskousk's Assorted Antiques.
 19096 | Orc:2    | Bought a potion of might for 52 gold pieces
 19096 | Orc:2    | Bought a potion of might for 52 gold pieces
 19107 | Orc:2    | Bought a shimmering chain mail for 285 gold pieces
 19107 | Orc:2    | Identified the +1 chain mail "Digi Lif" {Fly Str+3} (You
                  | bought it in a shop on level 2 of the Orcish Mines)
 19125 | Orc:2    | Bought the +3 short sword of the Thirsty Friars {antimagic,
                  | rF+ Will+ Str-4 Stlth+} for 456 gold pieces
 19407 | Orc:1    | Bought a manual of Short Blades for 1280 gold pieces
 19498 | Swamp:1  | Entered Level 1 of the Swamp
 19758 | Swamp:1  | Reached skill level 15 in Armour
 20148 | Swamp:1  | Reached skill level 16 in Short Blades
 21002 | Swamp:2  | Noticed a thorn hunter
 21020 | Swamp:2  | Killed a thorn hunter
 21202 | Swamp:2  | Reached skill level 17 in Short Blades
 21548 | Swamp:2  | Reached XP level 16. HP: 91/124 MP: 22/22
 21846 | Swamp:3  | Noticed Aizul
 21868 | Swamp:3  | Killed Aizul
 21869 | Swamp:3  | Reached skill level 18 in Short Blades
 22283 | Swamp:4  | Entered Level 4 of the Swamp
 22343 | Swamp:4  | Noticed a tentacled monstrosity
 22367 | Swamp:4  | Killed a tentacled monstrosity
 22372 | Swamp:4  | HP: 4/124 [bunyip[a spriggan druid] (19)]
 22383 | Swamp:4  | Gained mutation: You do not regenerate when monsters are
                  | visible. [mutagenic glow]
 22388 | Swamp:4  | Reached skill level 19 in Short Blades
 22556 | Swamp:4  | Slain by a bunyip

Illustrated notes

Levels and vault maps discovered:
D:1:      dpeg_chamrin_arrival_tetris, layout_loops_ring,
          hellmonk_ecumenical_altar_inner_sanctum
D:2:      layout_rooms, uniq_robin
D:3:      layout_basic, general_overflow_altar, uniq_jessica
D:4:      minmay_recursive_quarters, layout_basic, nzn_hepliaklqana_mist_gate,
          jmf_multi_god_temple, uniq_ijyb
D:5:      layout_basic, kennysheep_vampire_church, minmay_misc_feat_nine_boxes,
          minmay_misc_feat_tiny, kennysheep_diamond
D:6:      layout_rooms, hangedman_ru_absence, minmay_temple_entry_grid,
          portal_sewer_entry_f, uniq_grinder, uniq_maggie
D:7:      layout_basic, mainiacjoe_overflow_alcove_2,
          nicolae_elyvilon_peaceful_grove
D:8:      layout_rooms, nicolae_overflow_hidden_temple, kennysheep_mini,
          columned_hall_lemuel, solitary_fountain, uniq_joseph
D:9:      layout_small_grid, lemuel_zombie_altar_yredelemnul, uniq_harold
D:10:     layout_basic
D:11:     layout_roguey, minmay_lair_entry_grove, erik_orc_4,
          portal_ice_cave_demonic_guard, kennysheep_another_room, minivault_16,
          uniq_maurice
D:12:     layout_stronghold, corexii_corridor_pit, mrwooster_statue_mirror,
          minmay_lizard_king
D:13:     layout_basic, david_vaults_2, minmay_fractal_squares_gapless_7
Lair:1:   layout_gridlike, lemuel_fruit_tree, serial_bayou_shore_b
Lair:2:   layout_regular_city, swamp_mist, minmay_snake_entry_guardpost_small,
          gammafunk_ghost_cemetery, grunt_forest_stairs_clearing
Lair:3:   layout_cave_pods
Lair:4:   layout_regular_city, basic_altar, grunt_megastairs_1,
          infiniplex_staircase_pool
Lair:5:   hellmonk_lair_end_abyssal_woods, layout_regular_city, slime_entry_2,
          grunt_megastairs_4
Swamp:1:  layout_basic_swamp, evilmike_swamp_ruin_house_6, swamp_pool1,
          nicolae_swamp_small_spring
Swamp:2:  layout_falls_marsh, evilmike_swamp_ruin_house_2, swamp_pool5
Swamp:3:  layout_falls_marsh, evilmike_swamp_ruin_wall, uniq_aizul
Swamp:4:  swamp_icy, layout_basic_swamp, swamp_pool2
Orc:1:    nicolae_orc_accident_1, layout_caves,
          gammafunk_ghost_berserking_beasts, nicolae_shop_self_help
Orc:2:    st_orc_ogre_mass, layout_caves

Skill      XL: |  1  2  3  4  5  6  7  8  9 10 11 12 13 14 15 16 |
---------------+-------------------------------------------------+-----
Fighting       | 3 4 5 6 9 |  9.6
Short Blades   | 3 5 8 9 12 13 15 17 19 | 19.2
Ranged Weapons | 3 5 |  5.0
Armour         | 6 9 10 12 15 | 15.0
Dodging        | 6 10 | 10.0
Evocations     | 6 |  6.0
Invocations    | 8 9 |  9.0
Throwing       | |  1.7

Action                     |  1- 3 |  4- 6 |  7- 9 | 10-12 | 13-15 | 16-18 || total
---------------------------+-------+-------+-------+-------+-------+-------++-------
  Melee: Rapier            |   134 |     9 |       |       |       |       ||   143
         Punch             |     2 |     2 |     2 |    10 |    36 |     5 ||    57
         Dagger            |       |    52 |       |       |       |       ||    52
         Short sword       |       |       |   221 |   675 |  1503 |   197 ||  2596
         Tailslap          |       |       |    26 |   145 |   356 |    48 ||   575
   Fire: Sling             |       |    57 |     4 |       |       |       ||    61
  Throw: Javelin           |     2 |       |       |     1 |       |       ||     3
         Throwing net      |     2 |       |       |       |       |       ||     2
 Invoke: Ancestor Life: Ba |       |       |     1 |       |       |       ||     1
         Recall Ancestor   |       |       |       |       |     2 |       ||     2
         Idealise          |       |       |       |       |     1 |       ||     1
         Transference      |       |       |       |       |     1 |       ||     1
  Evoke: Wand              |       |       |       |     5 |       |       ||     5
    Use: Scroll            |     2 |     9 |     6 |     5 |    10 |     1 ||    33
         Potion            |     1 |     1 |     2 |       |     6 |     3 ||    13
   Stab: Sleeping          |     2 |       |       |       |       |     1 ||     3
         Held in net/web   |     1 |       |       |       |       |       ||     1
         Distracted        |       |       |     1 |     8 |    19 |     4 ||    32
         Petrified         |       |       |       |       |     1 |       ||     1
         Confused          |       |       |       |       |     1 |       ||     1
 Armour: Leather armour    |    85 |    24 |    34 |       |       |       ||   143
         Acid dragon scale |       |       |    40 |   177 |       |       ||   217
         Skin              |       |       |     3 |       |       |       ||     3
         Troll leather arm |       |       |       |    65 |   336 |    63 ||   464
  Dodge: Dodged            |   135 |    58 |   117 |   432 |   887 |   142 ||  1771
  Block: Other             |       |       |       |    62 |   101 |       ||   163
         Reflection        |       |       |       |     3 |     1 |       ||     4

Table legend: (Time is in decaauts)
 A = Elapsed time spent in this place.
 B = Non-inter-level travel time spent in this place.
 C = Inter-level travel time spent in this place.
 D = Time resting spent in this place.
 E = Time spent auto-exploring this place.
 F = Levels seen in this place.
 G = Mean time per level.
                   A        B        C        D        E       F      G
               +--------+--------+--------+--------+--------+-----+--------+
         Total |  21465 |  20026 |   1439 |   2590 |  13547 |  25 |  858.6 |
       Dungeon |  11457 |  10770 |    687 |   1107 |   7737 |  13 |  881.3 |
          Lair |   5108 |   4686 |    422 |    379 |   3381 |   5 | 1021.6 |
         Swamp |   2633 |   2516 |    117 |    770 |   1279 |   4 |  658.2 |
  Orcish Mines |   1803 |   1591 |    212 |    334 |    852 |   2 |  901.5 |
         Sewer |    462 |    462 |      0 |      0 |    296 |   1 |  462.0 |
               +--------+--------+--------+--------+--------+-----+--------+

Top non-repeatable levels by time:
 Swamp:1: 1369 daAuts
  Lair:5: 1330 daAuts
     D:1: 1308 daAuts
   Orc:1: 1233 daAuts
    D:12: 1178 daAuts
    D:11: 1176 daAuts
  Lair:4: 1119 daAuts
  Lair:3: 1013 daAuts
     D:4: 996 daAuts
    D:10: 941 daAuts
  Lair:2: 909 daAuts
    D:13: 889 daAuts
     D:9: 813 daAuts
     D:5: 805 daAuts
     D:3: 797 daAuts
